 Dungeon Crawl Stone Soup version 0.29-a0-451-gfbfa42419e (webtiles) character file.

Game seed: 11920183149675481584

6837 acebull12 the Unseen (level 11, -5/66 HPs)
             Began as a Kobold Enchanter on May 19, 2022.
             Was a Believer of Dithmenos.
             Slain by an unseen horror (9 damage)
             ... on level 9 of the Dungeon.
             The game lasted 00:26:07 (8730 turns).

acebull12 the Unseen (Kobold Enchanter)             Turns: 8730, Time: 00:26:07

Health: -5/66      AC:  5    Str: 10    XL:     11   Next: 26%
Magic:  15/18      EV: 16    Int: 23    God:    Dithmenos [**....]
Gold:   394        SH:  0    Dex: 15    Spells: 17/19 levels left

rFire   . . .      SeeInvis .   e - +3 rapier
rCold   . . .      Faith    .   t - orb {guile}
rNeg    . . .      Spirit   .   b - +0 robe
rPois   +          Reflect  .   (no helmet)
rElec   .          Harm     .   p - +0 cloak
rCorr   .          Rampage  .   (no gloves)
Will    .....                   s - +1 pair of boots
Stlth   +++++++++.              k - amulet of regeneration
HPRegen 1.01/turn               w - +6 ring of intelligence
MPRegen 0.16/turn               z - ring of poison resistance

@: wreathed by umbra, studying Polearms, invisible
A: small, no large weapons, nightstalker 3
a: Renounce Religion, Shadow Step


You were on level 9 of the Dungeon.
You worshipped Dithmenos.
Dithmenos was pleased with you.
You visited 2 branches of the dungeon, and saw 13 of its levels.

You collected 547 gold pieces.
You spent 153 gold pieces at shops.

Inventory:

Hand Weapons
 a - a +1 dagger
 e - a +3 rapier (weapon)
 m - the +12 hunting sling of Fimbulwinter {venom, rC+}
   (You found it on level 5 of the Dungeon)

   Any ammunition fired from it poisons the flesh of those it strikes.
   rC:        It protects you from cold.
Armour
 b - a +0 robe (worn)
 p - a +0 cloak (worn)
 s - a +1 pair of boots (worn)
 t - an orb of guile (worn)
 G - the +1 robe of the Mashing Gods {-Cast rN+ Slay+5}
   (You bought it in a shop on level 9 of the Dungeon)

   Slay:      It affects your accuracy & damage with ranged weapons and melee
   (+5).
   rN:        It protects you from negative energy.
   -Cast:     It prevents spellcasting.
Jewellery
 k - an amulet of regeneration (around neck)
 w - a +6 ring of intelligence (left hand)
 z - a ring of poison resistance (right hand)
Wands
 f - a wand of mindburst (20)
 o - a wand of flame (17)
 r - a wand of iceblast (9)
 x - a wand of paralysis (13)
Scrolls
 d - 2 scrolls of enchant armour
 n - a scroll of brand weapon {unknown}
 u - a scroll of summoning {unknown}
 v - a scroll of torment {unknown}
 y - a scroll of noise {unknown}
 E - a scroll of fog {unknown}
 F - a scroll of identify
 H - a scroll of enchant weapon {unknown}
Potions
 c - a potion of invisibility
 g - a potion of ambrosia
 h - 2 potions of curing
 i - 2 potions of brilliance {unknown}
 j - a potion of flight
 l - a potion of attraction {unknown}
 A - a potion of magic {unknown}
 B - a potion of mutation {unknown}
 D - a potion of berserk rage {unknown}
Miscellaneous
 q - a piece from Xom's chessboard (15/15)


   Skills:
 * Level 6.7 Fighting
 * Level 10.1 Short Blades
 + Level 5.2 Dodging
 * Level 15.8 Stealth
 + Level 4.7 Spellcasting
 + Level 4.5 Hexes
 + Level 2.7 Ice Magic


You had 17 spell levels left.
You knew the following spells:

 Your Spells              Type           Power      Damage    Failure   Level
a - Ensorcelled Hibernat  Hex/Ice        44%        N/A       3%          2

Your spell library contained the following spells:

 Spells                   Type           Power      Damage    Failure   Level
 Confusing Touch          Hex            26%        N/A       4%          3
 Tukima's Dance           Hex            26%        N/A       4%          3
 Magic Dart               Conj           20%        1d4       10%         1
 Dazzling Flash           Conj/Hex       30%        N/A       12%         3
 Portal Projectile        Hex/Tloc       30%        N/A       12%         3
 Searing Ray              Conj           10%        2d4       14%         2
 Gell's Gravitas          Tloc           5%         N/A       28%         3
 Ignite Poison            Fire/Tmut/Pois 5%         N/A       28%         3
 Lesser Beckoning         Tloc           5%         N/A       28%         3
 Mephitic Cloud           Conj/Pois/Air  5%         N/A       28%         3
 Teleport Other           Tloc           5%         N/A       28%         3
 Anguish                  Hex/Necr       7%         N/A       36%         4
 Fulminant Prism          Conj/Hex       7%         3d7       36%         4
 Iskenderun's Mystic Bla  Conj/Tloc      5%         2d3       67%         4
 Olgreb's Toxic Radiance  Pois           5%         N/A       67%         4
 Summon Lightning Spire   Summ/Air       5%         N/A       67%         4
 Freezing Cloud           Conj/Ice/Air   4%         6-21      88%         5
 Blade Hands              Tmut           2%         N/A       95%         5
 Fireball                 Conj/Fire      2%         3d4       95%         5
 Iskenderun's Battlesphe  Conj           5%         2d6       95%         5
 Lee's Rapid Deconstruct  Erth           2%         3d6*      95%         5
 Conjure Ball Lightning   Conj/Air       2%         3x3d6     100%        6
 Dispersal                Tloc           2%         N/A       100%        6
 Enfeeble                 Hex            13%        N/A       100%        7
 Orb of Destruction       Conj           2%         9d5       100%        7
 Ozocubu's Refrigeration  Ice            8%         4d6       100%        7
 Storm Form               Tmut/Air       2%         N/A       100%        7
 Ignition                 Fire           2%         3d3       100%        8
 Maxwell's Capacitive Co  Air            2%         ∞         100%        8


Dungeon Overview and Level Annotations

Branches:
Dungeon (12/15)            Temple (1/1) D:6            Lair (0/6) D:9
    Orc (0/2) D:10

Altars:
Ashenzari
Cheibriados
Dithmenos
Elyvilon
Fedhas
Hepliaklqana
Kikubaaqudgha
Nemelex Xobeh
Okawaru
Trog
Uskayaw
Vehumet
Wu Jian
Xom
Yredelemnul
Zin
The Shining One

Shops:
D:7 !   D:9 *

Annotations:
D:3 2 runed translucent doors, Slifar's ghost, amateur DrEE


Innate Abilities, Weirdness & Mutations

You are small and have problems with some larger weapons.
You are completely attuned to the shadows.


Message History

You kill Psyche!
Dithmenos accepts your kill. Something hits you!
* * * LOW HITPOINT WARNING * * *
Your Short Blades skill increases to level 10!
Casting: Ensorcelled Hibernation (safe; 3% risk of failure)
Confirm with . or Enter, or press ? or * to list all spells.
Okay, then.
You fade into invisibility!
The howler monkey looks more healthy.
The howler monkey closely misses you. The howler monkey misses you.
Something hits you.
* * * LOW HITPOINT WARNING * * *
Something hits you!
* * * LOW HITPOINT WARNING * * *
Something hits you.
* * * LOW HITPOINT WARNING * * *
There is an open door here.
You feel better. Something barely misses you.
Something hits you but does no damage. Something barely misses you.
Something hits you.
* * * LOW HITPOINT WARNING * * *
You barely miss something. Something hits you.
* * * LOW HITPOINT WARNING * * *
You puncture the howler monkey!
You kill the howler monkey!
Dithmenos accepts your kill. Something hits you.
* * * LOW HITPOINT WARNING * * *
You miss something. Something hits you.
* * * LOW HITPOINT WARNING * * *
You puncture something! Something hits you!
* * * LOW HITPOINT WARNING * * *
Something barely misses you.
There is an open door here.
Something hits you but does no damage. Something hits you.
* * * LOW HITPOINT WARNING * * *
Something hits you!
You die...

.# ####..#
#.############
.# ##.# #.#
#......... .#
.....##.###.#
#......... .#
......#..##.#
#......... .#
≈≈≈...##.##.#
#......... .#
..≈).).#....#
#......... ##
8.≈....##.#.#
#......... #
$.≈....#....#
#......... #
≈.≈....@.#..#
#......... #
.8.....###.>#
#........
.......# ####
#........
.....##
#........ ...#
###.....#
#.##### #.#
#.# #.#


There were no monsters in sight!

Vanquished Creatures
  A two-headed ogre (D:7)
  A deep elf pyromancer (D:12)
  A gargoyle (D:11)
  Psyche (D:9)
  A troll (D:11)
  A hornet (D:8)
  A wyvern (D:9)
  11 yaks
  Eustachio (D:6)
  2 steam dragons (D:6)
  3 water moccasins
  An orc warrior (D:9)
  2 sky beasts (D:7)
  3 ice beasts
  An ogre (D:5)
  A black bear (D:9)
  5 bullfrogs
  2 kobold brigands (D:8)
  5 scorpions
  A necrophage (D:5)
  3 wights (D:8)
  4 killer bees (D:9)
  A howler monkey (D:9)
  A hound (D:5)
  Crazy Yiuf (D:2)
  3 orc priests
  Terence (D:3)
  4 orc wizards
  3 iguanas
  9 adders
  2 worms
  2 dart slugs
  25 orcs
  3 bats
  8 endoplasms
  6 giant cockroaches
  5 goblins
  5 hobgoblins
  2 jackals (D:5)
  5 quokkas
  6 ball pythons
  4 frilled lizards
  16 kobolds
  A rat (D:3)
  A butterfly (D:6)
166 creatures vanquished.

Vanquished Creatures (others)
  A centaur (D:9)
  29 fungi (D:9)
  38 plants (D:9)
68 creatures vanquished.

Grand Total: 234 creatures vanquished

Notes
Turn   | Place    | Note
-------+----------+-------------------------------------------
     0 | D:1      | acebull12 the Kobold Enchanter began the quest for the Orb.
     0 | D:1      | Reached XP level 1. HP: 10/10 MP: 3/3
   176 | D:1      | Reached XP level 2. HP: 16/16 MP: 5/5
  1244 | D:1      | Learned a level 2 spell: Ensorcelled Hibernation
  1324 | D:2      | Reached XP level 3. HP: 20/20 MP: 1/6
  1527 | D:2      | Found a white marble altar of Elyvilon.
  1573 | D:2      | Reached skill level 5 in Stealth
  1809 | D:2      | Found a faded altar of an unknown god.
  1949 | D:2      | Found a runed translucent door.
  1952 | D:2      | Noticed Crazy Yiuf
  2027 | D:2      | Killed Crazy Yiuf
  2028 | D:2      | Reached skill level 1 in Fighting
  2028 | D:2      | Reached XP level 4. HP: 25/25 MP: 4/7
  2283 | D:3      | Noticed Terence
  2294 | D:3      | Killed Terence
  2295 | D:3      | Reached skill level 6 in Stealth
  2295 | D:3      | Reached XP level 5. HP: 10/29 MP: 2/9
  2580 | D:3      | Found a runed translucent door.
  2597 | D:3      | Found a runed translucent door.
  2762 | D:3      | Noticed Slifar's ghost (amateur DrEE)
  3189 | D:3      | Reached XP level 6. HP: 35/35 MP: 7/10
  3532 | D:5      | Entered Level 5 of the Dungeon
  3536 | D:5      | Reached skill level 7 in Stealth
  3659 | D:5      | Found a hide-covered altar of Uskayaw.
  3660 | D:5      | Found an ornate altar of the Wu Jian Council.
  3660 | D:5      | Found a hazy altar of Hepliaklqana.
  3661 | D:5      | Found a radiant altar of Vehumet.
  3812 | D:5      | Found a white marble altar of Elyvilon.
  3876 | D:5      | Noticed an ice beast
  3880 | D:5      | Killed an ice beast
  3881 | D:5      | Reached skill level 8 in Stealth
  3881 | D:5      | Reached XP level 7. HP: 38/40 MP: 11/11
  3921 | D:5      | Reached skill level 9 in Stealth
  3924 | D:5      | Identified the +12 hunting sling of Fimbulwinter {venom,
                  | rC+}
  4616 | D:6      | Found a shimmering altar of Xom.
  4619 | D:6      | Reached XP level 8. HP: 45/45 MP: 12/12
  4638 | D:6      | Found a staircase to the Ecumenical Temple.
  4714 | Temple   | Entered the Ecumenical Temple
  4758 | Temple   | Became a worshipper of Dithmenos the Shadowed
  4790 | D:6      | Noticed Eustachio
  4793 | D:6      | Killed Eustachio
  4794 | D:6      | Reached skill level 10 in Stealth
  4878 | D:6      | Reached skill level 1 in Ice Magic
  5034 | D:6      | Reached skill level 5 in Short Blades
  5034 | D:6      | Reached skill level 11 in Stealth
  5298 | D:6      | Reached XP level 9. HP: 52/52 MP: 14/14
  5655 | D:7      | Reached skill level 12 in Stealth
  5662 | D:7      | Reached * piety under Dithmenos
  5682 | D:7      | Noticed a two-headed ogre
  5698 | D:7      | Killed a two-headed ogre
  5699 | D:7      | Reached skill level 13 in Stealth
  5699 | D:7      | Reached XP level 10. HP: 22/58 MP: 6/15
  5714 | D:7      | Reached skill level 5 in Fighting
  6057 | D:7      | Found Jiraamid's Distillery.
  7234 | D:8      | Reached skill level 14 in Stealth
  7929 | D:9      | Found Xieseove's Assorted Antiques.
  7935 | D:9      | Bought a heavily jewelled robe for 153 gold pieces
  7935 | D:9      | Identified the +1 robe of the Mashing Gods {-Cast rN+
                  | Slay+5} (You bought it in a shop on level 9 of the Dungeon)
  8190 | D:9      | Reached ** piety under Dithmenos
  8245 | D:9      | You fall into a shaft and drop 3 floors!
  8257 | D:12     | Noticed a deep elf pyromancer
  8261 | D:12     | Killed a deep elf pyromancer
  8262 | D:12     | Reached skill level 15 in Stealth
  8315 | D:11     | Reached XP level 11. HP: 64/64 MP: 17/17
  8347 | D:10     | Entered Level 10 of the Dungeon
  8354 | D:10     | Found a staircase to the Orcish Mines.
  8472 | D:9      | Found a staircase to the Lair.
  8479 | D:9      | Reached skill level 5 in Dodging
  8704 | D:9      | Noticed Psyche
  8715 | D:9      | Killed Psyche
  8716 | D:9      | Reached skill level 10 in Short Blades
  8727 | D:9      | HP: 2/66 [something (8)]
  8730 | D:9      | Slain by an unseen horror

Illustrated notes

Levels and vault maps discovered:
D:1:      wander_arrival_fairy_ring, layout_basic, serial_aquarium,
          aquarium_bridge_straight [aquarium_subvault_bridge,
          aquarium_subvault_wall, aquarium_subvault_bridge,
          aquarium_subvault_wall], aquarium_bridge_straight
          [aquarium_subvault_bridge, aquarium_subvault_balcony,
          aquarium_subvault_bridge, aquarium_subvault_balcony],
          aquarium_window_corner, aquarium_window_corner, aquarium_view_2f,
          aquarium_view_2f, aquarium_pool_five
D:2:      layout_loops_ring, basic_altar, hellmonk_ecumenical_altar_zigzags,
          minmay_statues_item, uniq_crazy_yiuf_cottage
D:3:      layout_basic, ebering_ghost_sewer_f, uniq_terence
D:4:      layout_cave_pools, chequers_serial_rivers_micro_c,
          lightli_corner_chamber
D:5:      layout_gridville, mainiacjoe_overflow_cross_hatched,
          chequers_temple_overflow_statue_of_worship
D:6:      layout_basic, xom_butterflies, minmay_temple_entry_grid,
          uniq_eustachio
D:7:      layout_basic, serial_shops, nicolae_shop_trees,
          kennysheep_generic_room_6
D:8:      layout_basic
D:9:      layout_basic, due_lair_maze_entry_diamond, serial_shops, shop,
          st_stairs_7, kennysheep_potato, uniq_psyche
D:10:     layout_loops_ring, erik_orc_4, serial_ice, serial_ice_e, serial_ice_h,
          serial_ice_m, serial_ice_a, serial_ice_i, serial_ice_b, serial_ice_d,
          serial_ice_n, serial_ice_o, serial_ice_g
D:11:     layout_irregular_city, st_stairs_1, chequers_serial_rivers_micro_c
D:12:     layout_basic, gammafunk_ghost_fury_of_okawaru
Temple:   kb_temple_of_zot

Skill      XL: |  1  2  3  4  5  6  7  8  9 10 11 |
---------------+----------------------------------+-----
Stealth        | 5 6 8 9 11 13 15 | 15.8
Fighting       | 1 2 3 4 6 |  6.7
Short Blades   | 2 3 4 5 7 9 10 | 10.1
Dodging        | 3 4 5 |  5.2
Spellcasting   | 3 4 |  4.7
Ice Magic      | 1 2 |  2.7
Hexes          | 4 |  4.5

Action                   |  1- 3 |  4- 6 |  7- 9 | 10-12 || total
-------------------------+-------+-------+-------+-------++-------
Melee: Dagger            |    63 |   144 |    34 |       ||   241
       Punch             |       |     2 |     1 |       ||     3
       Rapier            |       |       |    69 |   188 ||   257
 Cast: Ensorcelled Hiber |     3 |     9 |    13 |    22 ||    47
  Use: Scroll            |       |     9 |     3 |     2 ||    14
       Potion            |       |       |     2 |     2 ||     4
 Stab: Sleeping          |    22 |    20 |    27 |    30 ||    99
       Distracted        |       |     2 |     1 |     1 ||     4
Armor: Robe              |     6 |    21 |    10 |    30 ||    67
Dodge: Dodged            |    27 |    86 |    66 |   183 ||   362

Table legend: (Time is in decaauts)
 A = Elapsed time spent in this place.
 B = Non-inter-level travel time spent in this place.
 C = Inter-level travel time spent in this place.
 D = Time resting spent in this place.
 E = Time spent auto-exploring this place.
 F = Levels seen in this place.
 G = Mean time per level.
                   A        B        C        D        E       F      G
               +--------+--------+--------+--------+--------+-----+--------+
         Total |   8655 |   7748 |    907 |    480 |   5577 |  13 |  665.8 |
       Dungeon |   8581 |   7702 |    879 |    480 |   5543 |  12 |  715.1 |
        Temple |     73 |     45 |     28 |      0 |     34 |   1 |   73.0 |
               +--------+--------+--------+--------+--------+-----+--------+

Top non-repeatable levels by time:
     D:8: 1473 daAuts
     D:1: 1302 daAuts
     D:7: 921 daAuts
     D:5: 917 daAuts
     D:2: 850 daAuts
     D:6: 846 daAuts
     D:3: 795 daAuts
     D:4: 672 daAuts
     D:9: 632 daAuts
  Temple: 73 daAuts
    D:10: 69 daAuts
    D:11: 66 daAuts
    D:12: 34 daAuts
